 Dungeon Crawl Stone Soup version 0.22.1-2-g9c5b331 (webtiles) character file.

97560 Skuilla the Warrior (level 16, -2/88 HPs)
             Began as a Gargoyle Fighter on Nov 14, 2018.
             Was an Elder of Okawaru.
             Killed from afar by a starcursed mass (10 damage)
             ... with an accursed screaming
             ... on level 4 of the Abyss on Nov 16, 2018.
             The game lasted 04:48:27 (39869 turns).

Skuilla the Warrior (Gargoyle Fighter)             Turns: 39869, Time: 04:48:28

Health: -2/88      AC: 39    Str: 30    XL:     16   Next: 20%
Magic:  17/17      EV:  8    Int:  9    God:    Okawaru [****..]
Gold:   2137       SH: 18    Dex: 11    Spells: 15/15 levels left

rFire    + . .     SeeInvis .   Y - +4 mace
rCold    . . .     Gourm    .   Z - +0 shield {AC+3}
rNeg     + . .     Faith    .   e - +1 plate armour of Negligence {Dex+2}
rPois    ∞         Spirit   .   g - +1 helmet
rElec    +         Reflect  +   (no cloak)
rCorr    .         Harm     .   C - +1 pair of gloves
MR       +....     Rnd*Tele +   v - +0 pair of boots
Stlth    ..........             P - +3 amulet of reflection
HPRegen  0.24/turn              r - ring of protection from fire
MPRegen  0.15/turn              L - +3 ring of strength

@: flying, drained
A: big wings, frail 2, low mp 2, negative energy resistance 1, screaming 1,
electricity resistance, teleportitis 1, unbreathing, petrification resistance,
rot immunity, AC +12
a: Stop Flying, Heroism, Renounce Religion


You were on level 4 of the Abyss.
You worshipped Okawaru.
Okawaru was greatly pleased with you.
You were hungry.

You visited 5 branches of the dungeon, and saw 26 of its levels.
You visited the Abyss 1 time.

You collected 2362 gold pieces.
You spent 225 gold pieces at shops.

Inventory:

Hand Weapons
 t - a +0 flail
 x - a +2 flail of protection
 Y - a +4 mace (weapon)
Missiles
 c - 7 javelins of penetration (quivered)
 u - 13 tomahawks
Armour
 e - the +1 plate armour of Negligence (worn) {Dex+2}
   (You found it on level 11 of the Dungeon)

   It affects your dexterity (+2).
 g - a +1 helmet (worn)
 j - a +1 plate armour of poison resistance
 p - a +0 large shield
 v - a +0 pair of boots (worn)
 A - +0 storm dragon scales
 C - a +1 pair of gloves (worn)
 V - a +3 ring mail of fire resistance
 Z - a +0 shield of protection (worn)
Jewellery
 k - a +5 ring of evasion
 l - an uncursed ring of see invisible
 r - a ring of protection from fire (left hand)
 J - an uncursed ring of resist corrosion
 K - a +5 ring of dexterity
 L - a +3 ring of strength (right hand)
 M - an uncursed ring of positive energy
 P - a +3 amulet of reflection (around neck)
 Q - an uncursed ring of protection from cold
Wands
 d - a wand of paralysis (14)
 s - a wand of polymorph (8)
 w - a wand of acid (25)
 y - a wand of flame (56)
 F - a wand of digging (57)
 W - a wand of disintegration (31)
 X - a wand of iceblast (42)
Scrolls
 b - a scroll of vulnerability {unknown}
 h - 4 scrolls of noise {unknown}
 m - 3 scrolls of magic mapping
 o - 2 scrolls of enchant armour
 q - a scroll of enchant weapon
 B - 2 scrolls of identify
 I - 3 scrolls of immolation
 N - 2 scrolls of remove curse
 O - a scroll of silence {unknown}
Potions
 a - 3 potions of resistance
 i - 10 potions of curing
 n - 3 potions of flight
 z - 2 potions of mutation
 D - 3 potions of berserk rage
 E - a potion of magic
 G - 3 potions of lignification
 H - 2 potions of ambrosia
 R - 3 potions of heal wounds
 S - 4 potions of might
Comestibles
 f - a ration


   Skills:
 * Level 16.1(15.9) Fighting
 + Level 12.9(12.7) Maces & Flails
 + Level 14.1(13.9) Armour
 - Level 0.2(0.1) Dodging
 - Level 15.4(15.1) Shields
 - Level 8.0(7.8) Invocations


You had 15 spell levels left.
You didn't know any spells.
Your spell library contained the following spells:

 Spells                   Type           Power        Failure   Level  Hunger
 Animate Skeleton         Necr           N/A          93%         1    ##.....
 Apportation              Tloc           #.....       93%         1    ##.....
 Confusing Touch          Hex            #.....       93%         1    ##.....
 Corona                   Hex            #......      93%         1    ##.....
 Pain                     Necr           #...         93%         1    ##.....
 Sting                    Conj/Pois      #...         93%         1    ##.....
 Summon Small Mammal      Summ           #...         93%         1    ##.....
 Poisonous Vapours        Pois/Air       #.....       98%         2    ###....
 Slow                     Hex            #.......     98%         2    ###....
 Ignite Poison            Fire/Tmut/Pois #.......     100%        3    ####...
 Inner Flame              Hex/Fire       #.......     100%        3    ####...
 Mephitic Cloud           Conj/Pois/Air  #.......     100%        3    ####...
 Portal Projectile        Hex/Tloc       #.....       100%        3    ####...
 Regeneration             Chrm/Necr      #.........   100%        3    ####...
 Vampiric Draining        Necr           #.........   100%        3    ####...
 Animate Dead             Necr           N/A          100%        4    #####..
 Cause Fear               Hex            #.........   100%        4    #####..
 Leda's Liquefaction      Hex/Erth       #.........   100%        4    #####..
 Olgreb's Toxic Radiance  Pois           #.......     100%        4    #####..
 Petrify                  Tmut/Erth      #.......     100%        4    #####..
 Alistair's Intoxication  Tmut/Pois      #.......     100%        5    ######.
 Irradiate                Conj/Tmut      #.........   100%        5    ######.
 Venom Bolt               Conj/Pois      #.........   100%        5    ######.
 Sublimation of Blood     Necr           Unusable     N/A         2    N/A

Dungeon Overview and Level Annotations

Branches:
Dungeon (15/15)            Temple (1/1) D:5            Lair (6/6) D:8
  Swamp (0/4) Lair:3        Snake (2/4) Lair:3        Slime (0/5) Lair:6
    Orc (2/2) D:10            Elf (0/3) Orc:2        Depths (0/5) D:15
 Vaults: D:13-14

Altars:
Ashenzari
Cheibriados
Dithmenos
Elyvilon
Fedhas
Gozag
Hepliaklqana
Kikubaaqudgha
Makhleb
Okawaru
Qazlal
Ru
Sif Muna
Trog
Uskayaw
Vehumet
Wu Jian
Xom
Yredelemnul
Zin
The Shining One
Beogh

Shops:
D:5 ?   D:12 ([[   D:14 *   Orc:2 [(=*!

Portals:
Hell: Lair:6
Trove: D:11 (give 19 scrolls of identify)

Annotations:
D:9 3 runed doors, Curus's ghost, novice MiGl
D:12 1 runed door, exclusion: obsidian statue, brandon's ghost, journeyman DEFE
Snake:1 exclusion: Roxanne, Roxanne
Snake:2 Asterion; Louise; Vashnia


Innate Abilities, Weirdness & Mutations

You are resistant to torment.
Your stone body is resilient. (AC +12)
You are immune to poison.
Your large and strong wings let you fly indefinitely.
You resist negative energy. (rN+)
You are resistant to electric shocks. (rElec)
You can survive without breathing.
You are immune to petrification.
You are immune to rotting.
You are very frail. (-20% HP)
Your magical capacity is very low. (-20% MP)
You occasionally shout uncontrollably at your foes.
You are occasionally teleported next to monsters.


Message History

The raiju bursts into living lightning!
The living lightning hits the raiju.
The raiju completely resists.
The living lightning hits you! You resist. The living lightning hits you!
You resist.
* * * LOW HITPOINT WARNING * * *
The living lightning hits the raiju.
The raiju completely resists.
The raiju blinks!
The large abomination hits you!
* * * LOW HITPOINT WARNING * * *
Press: ? - help, v - describe, . - travel
Here: a large abomination The floor.
You hit the raiju.
The raiju is lightly wounded.
You block the raiju's attack. The large abomination hits you.
* * * LOW HITPOINT WARNING * * *
You sock the raiju!
The raiju is heavily wounded.
You block the raiju's attack.
A deafening chorus of shrieks assaults your mind!
You die...

## #####..
##X.....#
..#@#.#..##
.#hX#.#..#
#h.X...# # #
#..$#XX.X X#
.##t### X...X .#
# .. #..#X###
..## # #..
#.##X..##... # .
#.
##..#.#.XXX.....
#. #
.#...#...###....


You could see 6 starcursed masses, a tentacled starspawn, an apocalypse crab, a
large abomination and 2 raiju.

Vanquished Creatures
  A nagaraja (Snake:2)
  A fire giant (D:11)
  An orc warlord (Orc:2)
  A dire elephant (Lair:6)
  Snorg (Lair:6)
  Josephine (D:12)
  2 fire dragons (D:15)
  2 ogre magi (D:15)
  A yaktaur captain (D:11)
  2 hydras
  2 naga warriors (Snake:1)
  2 anacondas (Snake:1)
  A death knight (D:15)
  A catoblepas (Lair:6)
  Erica (D:10)
  A centaur warrior (D:11)
  11 two-headed ogres
  2 death yaks (Lair:2)
  2 tengu warriors
  An orc high priest (Orc:2)
  Urug (Orc:2)
  A dancing weapon (Orc:2)
  A naga sharpshooter (Snake:1)
  Sonja (Lair:4)
  The ghost of trianova the Covert, a journeyman VSEn of Okawaru (D:13)
  Nergalle (D:12)
  A sixfirhy (Lair:6)
  A skeletal warrior (D:15)
  An unseen horror (D:14)
  2 orc knights (Orc:2)
  2 naga ritualists
  A wizard (Lair:6)
  3 ugly things
  3 deep elf magi
  4 manticores
  5 mana vipers
  4 orc sorcerers
  A salamander (Snake:2)
  A cyclops (Orc:2)
  A centaur zombie (D:15)
  Maurice (D:12)
  Joseph (D:10)
  A naga mage (Snake:1)
  A smoke demon (Abyss:4)
  5 orange demons (D:13)
  An elephant (Lair:6)
  15 spiny frogs
  16 black mambas
  3 centaur skeletons
  2 gargoyles (D:15)
  Psyche (D:10)
  3 rime drakes (Lair:6)
  A tengu conjurer (D:15)
  2 torpor snails
  A kobold demonologist (D:13)
  7 komodo dragons
  5 yaktaurs (D:15)
  4 ice devils (Lair:6)
  A freezing wraith (D:11)
  A red devil (Lair:6)
  A hellwing (Lair:6)
  9 trolls
  A tyrant leech (Lair:3)
  6 polar bears
  A merfolk (D:10)
  3 slime creatures (Lair:6)
  5 hippogriffs
  10 dream sheep
  4 blink frogs (Lair:1)
  3 snapping turtles
  Sigmund (D:6)
  3 shadows
  5 wyverns
  2 water elementals (D:14)
  9 wraiths
  13 yaks
  2 basilisks
  3 hungry ghosts
  A vampire mosquito (D:11)
  Grum (D:8)
  4 neqoxecs (D:13)
  9 nagas
  2 swamp worms (Lair:3)
  2 wargs (Orc:1)
  2 acid dragons (D:15)
  10 water moccasins
  10 porcupines
  6 hell hounds
  A swamp drake (D:10)
  33 orc warriors
  2 sky beasts
  A black bear (D:8)
  6 ice beasts
  14 wolves
  14 ogres
  5 centaurs
  A small abomination (Abyss:4)
  15 crocodiles
  Blork the orc (D:6)
  4 big kobolds
  20 bullfrogs
  A gnoll sergeant (Orc:2)
  10 scorpions
  11 wights
  11 killer bees
  7 howler monkeys
  10 electric eels
  2 bullfrog zombies
  9 crimson imps
  A lava snake (D:13)
  4 quasits (D:13)
  5 hounds
  23 orc priests
  8 jellies
  22 orc wizards
  A bullfrog skeleton (D:9)
  An iguana (D:9)
  Ijyb (D:3)
  9 worker ants
  2 hound skeletons
  A hound zombie (D:5)
  A worker ant zombie (D:11)
  7 gnolls
  11 adders
  3 shadow imps
  3 worms
  4 leopard geckos
  110 orcs
  4 giant cockroaches
  12 goblins
  10 hobgoblins
  2 jackals (D:2)
  5 quokkas
  2 ball pythons
  14 bats
  4 frilled lizards
  A jackal skeleton (D:8)
  10 kobolds
  2 leopard gecko skeletons
  5 rats
  A fungus (Lair:4)
  4 plants
744 creatures vanquished.

Vanquished Creatures (others)
  Nessos (Orc:2)
  A naga sharpshooter (Snake:1)
  A yak (D:13)
  A centaur (D:13)
  An orc wizard (D:8)
  An adder (D:10)
  2 orcs
  2 bats (D:14)
  2 bushes
  24 fungi
  A lurking horror (Abyss:4)
  5 plants
  8 starspawn tentacles (Abyss:4)
50 creatures vanquished.

Grand Total: 794 creatures vanquished

Notes
Turn   | Place    | Note
-------+----------+-------------------------------------------
     0 | D:1      | Skuilla the Gargoyle Fighter began the quest for the Orb.
     0 | D:1      | Reached XP level 1. HP: 14/14 MP: 1/1
   173 | D:1      | Reached XP level 2. HP: 19/19 MP: 2/2
   822 | D:2      | Found a shadowy altar of Dithmenos.
   825 | D:2      | Found a deep blue altar of Sif Muna.
   930 | D:2      | Reached XP level 3. HP: 14/23 MP: 3/3
  1367 | D:2      | Reached XP level 4. HP: 24/29 MP: 4/4
  1773 | D:3      | Found a blossoming altar of Fedhas.
  2016 | D:3      | Noticed Ijyb
  2025 | D:3      | Reached skill level 4 in Fighting
  2025 | D:3      | Reached XP level 5. HP: 33/33 MP: 5/5
  2026 | D:3      | Paralysed by Ijyb for 5 turns
  2034 | D:3      | Paralysed by Ijyb for 5 turns
  2044 | D:3      | Paralysed by Ijyb for 5 turns
  2052 | D:3      | Killed Ijyb
  2356 | D:3      | Reached skill level 5 in Shields
  2359 | D:3      | Reached XP level 6. HP: 19/38 MP: 6/6
  2966 | D:4      | Got an ancient leather armour
  3059 | D:4      | Found an ornate altar of the Wu Jian Council.
  3094 | D:4      | Found a glowing golden altar of the Shining One.
  3273 | D:4      | Reached XP level 7. HP: 44/44 MP: 7/7
  3691 | D:5      | Entered Level 5 of the Dungeon
  3706 | D:5      | Reached skill level 5 in Armour
  3725 | D:5      | Reached skill level 5 in Fighting
  4125 | D:5      | Found a basalt altar of Yredelemnul.
  4418 | D:5      | Reached XP level 8. HP: 49/49 MP: 8/8
  4522 | D:5      | Found a staircase to the Ecumenical Temple.
  4528 | Temple   | Entered the Ecumenical Temple
  4563 | Temple   | Became a worshipper of Warmaster Okawaru
  4880 | D:5      | Found Ovetuvefa's Magic Scroll Shop.
  4990 | D:5      | Noticed a troll
  5128 | D:4      | Killed a troll
  5268 | D:6      | Noticed Sigmund
  5280 | D:6      | Killed Sigmund
  5280 | D:6      | Reached * piety under Okawaru
  5932 | D:6      | Reached skill level 6 in Fighting
  5932 | D:6      | Reached skill level 5 in Maces & Flails
  5981 | D:6      | Noticed Blork the orc
  6001 | D:6      | Killed Blork the orc
  6220 | D:7      | Found a shimmering altar of Xom.
  6258 | D:7      | Reached XP level 9. HP: 56/56 MP: 9/9
  6414 | D:7      | Reached ** piety under Okawaru
  7169 | D:8      | Noticed Grum
  7259 | D:8      | Killed Grum
  7259 | D:8      | Reached skill level 7 in Fighting
  7348 | D:8      | Found a staircase to the Lair.
  7494 | D:8      | Noticed a two-headed ogre
  7505 | D:8      | Killed a two-headed ogre
  7505 | D:8      | Reached *** piety under Okawaru
  7505 | D:8      | Reached skill level 10 in Shields
  7505 | D:8      | Reached XP level 10. HP: 55/64 MP: 7/10
  8016 | D:8      | Found a sacrificial altar of Ru.
  8017 | D:8      | Found a stormy altar of Qazlal.
  8017 | D:8      | Found a burning altar of Makhleb.
  8018 | D:8      | Found a radiant altar of Vehumet.
  8144 | D:8      | Found a glowing golden altar of the Shining One.
  8253 | D:8      | Reached skill level 1 in Invocations
  8710 | D:9      | Reached skill level 8 in Fighting
  9054 | D:9      | Noticed Curus's ghost (novice MiGl)
  9057 | D:9      | Noticed a centaur warrior
  9281 | D:9      | Found a runed gate.
  9289 | D:9      | Found a runed gate.
  9289 | D:9      | Found a runed gate.
  9452 | D:9      | Reached **** piety under Okawaru
  9588 | D:9      | Paralysed by fainting for 11 turns
  9661 | D:10     | Entered Level 10 of the Dungeon
  9775 | D:10     | Noticed Psyche
  9811 | D:10     | Noticed Erica
  9835 | D:10     | Killed Erica
 10151 | D:10     | Noticed Joseph
 10171 | D:10     | Killed Joseph
 10171 | D:10     | Reached XP level 11. HP: 66/69 MP: 13/13
 10563 | D:10     | Killed Psyche
 10671 | D:10     | Reached ***** piety under Okawaru
 10874 | D:10     | Found a staircase to the Orcish Mines.
 11108 | D:11     | Reached skill level 9 in Fighting
 11124 | D:11     | Got a steaming plate armour
 11172 | D:11     | Identified the cursed +1 plate armour of Negligence {Dex+2}
                  | (You found it on level 11 of the Dungeon)
 11251 | D:11     | Noticed a two-headed ogre
 11274 | D:11     | Killed a two-headed ogre
 11297 | D:11     | Received a gift from Okawaru
 11331 | D:11     | Noticed a centaur warrior
 11347 | D:11     | Killed a centaur warrior
 11608 | D:11     | Found a portal to a secret trove of treasure.
 11656 | D:11     | Noticed a manticore
 11679 | D:11     | Reached skill level 5 in Invocations
 11704 | D:11     | Killed a manticore
 11750 | D:11     | Noticed a fire giant
 11751 | D:11     | Noticed a yaktaur captain
 11773 | D:11     | Killed a fire giant
 11773 | D:11     | Received a gift from Okawaru
 11773 | D:11     | Reached XP level 12. HP: 76/76 MP: 8/16
 11784 | D:11     | Killed a yaktaur captain
 12679 | D:12     | Found Memylil's Armour Shop.
 12861 | D:12     | Noticed Nergalle
 13012 | Lair:1   | Entered Level 1 of the Lair of Beasts
 13270 | Lair:1   | Received a gift from Okawaru
 13270 | Lair:1   | Reached skill level 10 in Fighting
 13402 | Lair:1   | Reached skill level 10 in Armour
 14640 | Lair:2   | Noticed a death yak
 14648 | Lair:2   | Noticed a death yak
 14671 | Lair:2   | Killed a death yak
 14844 | Lair:2   | Killed a death yak
 15536 | Lair:3   | Reached XP level 13. HP: 82/83 MP: 9/17
 15806 | Lair:3   | Found a staircase to the Snake Pit.
 16225 | Lair:3   | Found a dark tunnel.
 16332 | Lair:3   | Found a staircase to the Swamp.
 16800 | Lair:4   | Reached skill level 11 in Fighting
 17289 | Lair:4   | Reached skill level 10 in Maces & Flails
 17848 | Lair:4   | Noticed Sonja
 17876 | Lair:4   | Killed Sonja
 18638 | Lair:4   | Received a gift from Okawaru
 18778 | Lair:5   | Reached skill level 15 in Shields
 20208 | Lair:6   | Entered Level 6 of the Lair of Beasts
 20902 | Lair:6   | Gained mutation: Your large and strong wings let you fly
                  | indefinitely. [Gargoyle growth]
 20902 | Lair:6   | Reached XP level 14. HP: 84/91 MP: 19/19
 20968 | Lair:6   | Noticed a dire elephant
 20989 | Lair:6   | Killed a dire elephant
 21021 | Lair:6   | Noticed Snorg
 21383 | Lair:6   | Reached skill level 12 in Fighting
 21529 | Lair:6   | Found a staircase to the Slime Pits.
 22303 | Lair:6   | Found a burning altar of Makhleb.
 22620 | Lair:6   | Found a gateway to Hell.
 22774 | Lair:6   | Killed Snorg
 23197 | D:12     | Killed Nergalle
 23275 | D:12     | Found a runed door.
 23278 | D:12     | Noticed brandon's ghost (journeyman DEFE)
 23737 | D:12     | Found Cipagh's Antique Armour Boutique.
 23785 | D:12     | Noticed Maurice
 23813 | D:12     | Killed Maurice
 23847 | D:12     | Noticed Josephine
 23977 | D:12     | Killed Josephine
 24157 | D:12     | Found Uhiphist's Weapon Boutique.
 24677 | Orc:1    | Entered Level 1 of the Orcish Mines
 25104 | Orc:2    | Entered Level 2 of the Orcish Mines
 25104 | Orc:2    | Found a staircase to the Elven Halls.
 25219 | Orc:2    | Found Dixoept's General Store.
 25301 | Orc:2    | Received a gift from Okawaru
 25570 | Orc:2    | Noticed an orc warlord
 25631 | Orc:2    | Killed an orc warlord
 25631 | Orc:2    | Reached skill level 13 in Fighting
 25912 | Orc:2    | Found Ybbuus's Antique Weapon Shop.
 25913 | Orc:2    | Found a roughly hewn altar of Beogh.
 25921 | Orc:2    | Found Arrairasu's Antique Armour Boutique.
 25985 | Orc:2    | Noticed Nessos
 25986 | Orc:2    | Paralysed by an orc sorcerer for 6 turns
 25998 | Orc:2    | Killed Nessos
 26398 | Orc:2    | Found a roughly hewn altar of Beogh.
 26462 | Orc:2    | Found a roughly hewn altar of Beogh.
 26855 | Orc:2    | Found a roughly hewn altar of Beogh.
 27013 | Orc:2    | Noticed Urug
 27097 | Orc:2    | Killed Urug
 27275 | Orc:2    | Found Ulux's Jewellery Emporium.
 27672 | Orc:2    | Found a roughly hewn altar of Beogh.
 27857 | Orc:2    | Found Xulowaurgh's Distillery.
 27869 | Orc:2    | Bought a potion of heal wounds for 75 gold pieces
 28039 | Orc:2    | Found a roughly hewn altar of Beogh.
 28626 | Orc:2    | Paralysed by an orc sorcerer for 3 turns
 28636 | Orc:2    | Gained mutation: You are frail. (-10% HP) [a neqoxec]
 29778 | D:13     | Reached XP level 15. HP: 90/90 MP: 21/21
 29998 | D:13     | Reached skill level 14 in Fighting
 31150 | D:13     | Found a transporter.
 31202 | D:13     | Found a transporter.
 31207 | D:13     | Noticed trianova's ghost (journeyman VSEn)
 32137 | D:13     | Gained mutation: You occasionally shout uncontrollably at
                  | your foes. [a neqoxec]
 32139 | D:13     | Gained mutation: Your magical capacity is low. (-10% MP) [a
                  | neqoxec]
 32141 | D:13     | Gained mutation: You are very frail. (-20% HP) [a neqoxec]
 32157 | D:13     | Gained mutation: You are occasionally teleported next to
                  | monsters. [a neqoxec]
 32174 | D:13     | Killed trianova's ghost
 32178 | D:13     | Gained mutation: Your magical capacity is very low. (-20%
                  | MP) [a neqoxec]
 32318 | D:13     | Got a shimmering scale mail
 32331 | D:13     | Identified the +3 scale mail of Defiance {rN+} (You found
                  | it on level 13 of the Dungeon)
 33790 | D:15     | Entered Level 15 of the Dungeon
 33956 | D:15     | Paralysed by an ogre mage for 7 turns
 34240 | D:15     | Reached skill level 15 in Fighting
 34584 | D:15     | Received a gift from Okawaru
 34592 | D:15     | Got faintly glowing swamp dragon scales {god gift}
 34604 | D:15     | Identified the +5 swamp dragon scales of Demons {rPois rC+}
                  | (Okawaru gifted it to you on level 15 of the Dungeon)
 34990 | D:15     | Found a staircase to the Depths.
 35671 | D:14     | Found Weheuppyrgh's General Store.
 35743 | D:14     | You are sucked into a shaft!
 36099 | Snake:1  | Entered Level 1 of the Snake Pit
 36291 | Snake:1  | Noticed Louise
 37124 | Snake:1  | Reached XP level 16. HP: 58/88 MP: 17/17
 37736 | Snake:1  | Noticed Roxanne
 38514 | Orc:2    | Bought a potion of heal wounds for 75 gold pieces
 38609 | Orc:2    | Bought a potion of heal wounds for 75 gold pieces
 39207 | Snake:2  | Reached skill level 16 in Fighting
 39399 | Snake:2  | Noticed a nagaraja
 39420 | Snake:2  | Killed a nagaraja
 39499 | Snake:2  | Noticed Asterion
 39570 | Snake:2  | Noticed Vashnia
 39576 | Snake:2  | Cast into level 3 of the Abyss (Louise)
 39614 | Abyss:3  | HP: 3/88 [thrashing horror (8)]
 39831 | Abyss:4  | Noticed a Hell Sentinel
 39835 | Abyss:4  | Noticed a tentacled starspawn
 39869 | Abyss:4  | Killed from afar by a starcursed mass

Skill      XL: |  1  2  3  4  5  6  7  8  9 10 11 12 13 14 15 16 |
---------------+-------------------------------------------------+-----
Shields        | 4 5 6 8 10 11 12 14 15 | 15.4
Armour         | 4 5 6 7 8 9 10 11 12 13 14 | 14.1
Fighting       | 4 5 6 7 8 9 10 11 13 15 16 | 16.1
Maces & Flails | 3 4 5 6 7 8 9 10 11 12 | 12.9
Invocations    | 3 5 6 7 8 |  8.0
Dodging        | |  0.2

Action                   |  1- 3 |  4- 6 |  7- 9 | 10-12 | 13-15 | 16-18 || total
-------------------------+-------+-------+-------+-------+-------+-------++-------
Melee: Flail             |   130 |   225 |   355 |  1297 |  1395 |       ||  3402
       Mace              |       |       |       |       |  1520 |   204 ||  1724
       Whip              |       |       |       |       |    25 |       ||    25
Invok: Heroism           |       |       |     3 |    11 |    29 |     3 ||    46
       Finesse           |       |       |       |     4 |    15 |       ||    19
 Abil: Fly               |       |       |       |       |     1 |       ||     1
Evoke: Wand              |       |       |       |       |     2 |     1 ||     3
  Use: Scroll            |       |     3 |     7 |    12 |    20 |     8 ||    50
       Potion            |       |     1 |       |     2 |     4 |     4 ||    11
 Stab: Petrified         |       |       |       |       |     7 |       ||     7
  Eat: Chunk             |     2 |     3 |     2 |    18 |    14 |       ||    39
       Ration            |       |     1 |     4 |     6 |    17 |     2 ||    30
Armor: Scale mail        |    90 |    14 |       |       |       |       ||   104
       Chain mail        |       |   131 |   260 |     7 |       |       ||   398
       Plate armour      |       |       |       |   858 |  1406 |   115 ||  2379
       Storm dragon scal |       |       |       |       |    83 |       ||    83
Dodge: Dodged            |    55 |    51 |   112 |   357 |   684 |    45 ||  1304
Block: Shield            |    67 |   134 |   249 |  1015 |  2386 |   171 ||  4022
       Reflection        |       |       |       |       |    61 |    18 ||    79
